 Dungeon Sprint DCSS version 0.17.1-1-g73c8601 (webtiles) character file.

906 Elvalys the Unseen (level 7, -1/32 HPs)
             Began as a Spriggan Enchanter on Dec 30, 2015.
             Slain by a boulder beetle (33 damage)
             ... in the Dungeon (Sprint II: "The Violet Keep of Menkaure").
             The game lasted 00:04:57 (324 turns).

Elvalys the Unseen (Spriggan Enchanter)              Turns: 324, Time: 00:04:57

Health: -1/32      AC:  3    Str:  4    XL:     7   Next: 81%
Magic:  21/21      EV: 18    Int: 18    God:
Gold:   729        SH:  0    Dex: 17    Spells: 4 memorised, 17 levels left

rFire  . . .     SeeInvis +     a - +1 dagger
rCold  . . .     Clarity  .     b - +1 robe
rNeg   . . .     SustAt   .     (shield restricted)
rPois  .         Gourm    .     (helmet restricted)
rElec  .         Spirit   .     (no cloak)
rCorr  .         Warding  .     (gloves unavailable)
rMut   .         NoTele   +     (boots unavailable)
MR     +....                    (no amulet)
Stlth  ++++++++..               (no ring)
                                (no ring)

@: very quick, somewhat resistant to hostile enchantments, extraordinarily
stealthy
A: unfitting armour, see invisible, herbivore 3, speed 3, slow metabolism 2
a: no special abilities


You were in the Dungeon.
You were not hungry.

You visited 1 branch You collected 729 gold pieces.

Inventory:

Hand Weapons
 a - a +1 dagger (weapon)
Armour
 b - a +1 robe (worn)
Scrolls
 j - a scroll of blinking
Potions
 e - a potion of curing
 f - a potion of heal wounds
 g - a potion of haste
 h - 2 potions of magic
Books
 c - a book of Maledictions

   Spells                             Type                      Level
   a - Corona                         Hexes                        1
   b - Ensorcelled Hibernation        Hexes/Ice                    2
   c - Confuse                        Hexes                        3
   d - Tukima's Dance                 Hexes                        3
   e - Dazzling Spray                 Conjuration/Hexes            3
Comestibles
 d - a bread ration


   Skills:
 - Level 1.1 Short Blades
 - Level 3.0 Dodging
 + Level 17.4 Stealth
 * Level 10.0 Spellcasting
 + Level 11.5 Hexes
 + Level 1.0 Ice Magic


You had 17 spell levels left.
You knew the following spells:

 Your Spells              Type           Power        Failure   Level  Hunger
a - Corona                Hex            ######.      1%          1    None
b - Ensorcelled Hibernat  Hex/Ice        ####..       1%          2    None
c - Dazzling Spray        Conj/Hex       ####....     2%          3    None
d - Confuse               Hex            ######..     1%          3    None


Dungeon Overview and Level Annotations

Branches:
Dungeon (1/1)

Altars:


Innate Abilities, Weirdness & Mutations

You are tiny and cannot use many weapons and most armour.
You have supernaturally acute eyesight.
You are a herbivore.
You cover ground extremely quickly.
You need consume almost no food.


Message History

Confirm with . or Enter, or press ? or * to list all spells.
Aiming: Ensorcelled Hibernation
Press: ? - help, Shift-Dir - straight line, f/p - boulder beetle
Aim: a boulder beetle (almost dead, chance to defeat MR: 39%)
The boulder beetle looks drowsy...
The helpless boulder beetle fails to defend itself.
You skewer the boulder beetle like a kebab!!!!
You kill the boulder beetle!
Your Stealth skill increases to level 17!
Your Spellcasting skill increases to level 10!
Your Ice Magic skill increases to level 1!
You start resting.
Magic restored.
There is an open door here.
The helpless boulder beetle fails to defend itself.
You skewer the boulder beetle like a kebab!!!
The boulder beetle is almost dead.
The boulder beetle bites you!!
Ouch! That really hurt!
You die...

##+## ##.#$##
#.B#†.#
####@#.####
#.###'###†##
##..##.##.#.#
+.##†.<.'##.+
##..##.###†.#
#†###'###.##
####...###
#.)#..#
##...##


You could see a boulder beetle.

Vanquished Creatures
  A siren (D)
  A boulder beetle (D)
  4 brain worms (D)
  4 worker ants (D)
10 creatures vanquished.

Notes
Turn   | Place    | Note
--------------------------------------------------------------
     0 | D        | Elvalys the Spriggan Enchanter began the quest for the Orb.
     0 | D        | Reached XP level 1. HP: 9/9 MP: 5/5
     1 | D        | Noticed a boulder beetle
     1 | D        | Noticed a boulder beetle
     4 | D        | Noticed a worker ant
     4 | D        | Noticed a worker ant
     4 | D        | Noticed a worker ant
     4 | D        | Noticed a worker ant
     8 | D        | Noticed a brain worm
    14 | D        | Killed a brain worm
    14 | D        | Reached skill level 9 in Stealth
    14 | D        | Reached XP level 2. HP: 10/13 MP: 5/8
    14 | D        | Reached XP level 3. HP: 12/16 MP: 6/10
    15 | D        | Noticed a brain worm
    18 | D        | Killed a brain worm
    18 | D        | Reached skill level 11 in Stealth
    18 | D        | Reached XP level 4. HP: 18/21 MP: 7/13
    20 | D        | Noticed a brain worm
    20 | D        | Noticed a brain worm
    25 | D        | Killed a brain worm
    25 | D        | Reached skill level 12 in Stealth
    25 | D        | Reached XP level 5. HP: 15/24 MP: 8/15
    30 | D        | Killed a brain worm
    30 | D        | Reached skill level 13 in Stealth
    30 | D        | Reached XP level 6. HP: 18/28 MP: 10/17
   195 | D        | Noticed a siren
   198 | D        | Killed a siren
   198 | D        | Reached skill level 16 in Stealth
   198 | D        | Reached skill level 10 in Hexes
   198 | D        | Reached XP level 7. HP: 32/32 MP: 17/20
   210 | D        | Learned a level 2 spell: Ensorcelled Hibernation
   214 | D        | Learned a level 3 spell: Dazzling Spray
   218 | D        | Learned a level 3 spell: Confuse
   225 | D        | Killed a worker ant
   227 | D        | Killed a worker ant
   229 | D        | Killed a worker ant
   234 | D        | Killed a worker ant
   290 | D        | Killed a boulder beetle
   290 | D        | Reached skill level 17 in Stealth
   290 | D        | Reached skill level 10 in Spellcasting
   290 | D        | Reached skill level 1 in Ice Magic
   324 | D        | Slain by a boulder beetle

Action                   |  1- 3 |  4- 6 |  7- 9 || total
-------------------------+-------+-------+-------++-------
Melee: Dagger            |     7 |    10 |     8 ||    25
 Cast: Ensorcelled Hiber |       |       |     7 ||     7
  Use: Potion            |     1 |       |       ||     1
 Stab: Sleeping          |     1 |     1 |     7 ||     9
